 Dungeon Crawl Stone Soup version 0.22-a0-480-g991dd4b (webtiles) character file.

4134 Amnesiac the Prestidigitator (level 10, -8/67 HPs)
             Began as a Mummy Artificer on June 14, 2018.
             Was an Initiate of Gozag.
             Killed themself with a badly aimed iceblast (15 damage)
             ... on level 8 of the Dungeon on June 15, 2018.
             The game lasted 00:27:31 (9916 turns).

Amnesiac the Prestidigitator (Mummy Artificer)      Turns: 9916, Time: 00:27:32

Health: -8/67      AC:  5    Str: 19    XL:     10   Next: 6%
Magic:  16/16      EV: 14    Int: 11    God:    Gozag
Gold:   794        SH:  8    Dex: 12    Spells: 9/9 levels left

rFire    . . .     SeeInvis .   a - +2 dagger (venom)
rCold    + . .     Gourm    .   n - +0 shield
rNeg     + + +     Faith    .   c - +2 robe {rF+}
rPois    ∞         Spirit   .   (no helmet)
rElec    .         Reflect  .   (no cloak)
rCorr    .         Harm     .   e - +0 pair of gloves
MR       ++...                  (no boots)
Stlth    ++........             s - amulet of regeneration
HPRegen  0.61/turn              k - +4 ring of evasion
MPRegen  0.15/turn              l - ring of protection from magic

@: no status effects
A: no food or potions, fire vulnerability, cold resistance 1, negative energy
resistance 3, torment resistance, unbreathing
a: Potion Petition, Call Merchant, Bribe Branch, Renounce Religion


You were on level 8 of the Dungeon.
You worshipped Gozag.
Gozag was pleased with you.
You were not hungry.

You visited 2 branches of the dungeon, and saw 9 of its levels.

You collected 1218 gold pieces.
You spent 264 gold pieces at shops.
You paid 160 gold pieces to Gozag.

Inventory:

Hand Weapons
 a - a +2 dagger of venom (weapon)
 b - a +2 dagger of protection
 y - the +9 war axe of Traps {flame, Dex+2}
   (You found it on level 8 of the Dungeon)

   It has been specially enchanted to burn those struck by it, causing extra
   injury to most foes and up to half again as much damage against particularly
   susceptible opponents.
   Big, fiery blades are also staple armaments of hydra-hunters.
   It affects your dexterity (+2).
Armour
 c - a +2 robe of fire resistance (worn)
 e - a +0 pair of gloves (worn)
 h - a +0 chain mail
 n - a +0 shield (worn)
Jewellery
 k - a +4 ring of evasion (left hand)
 l - a ring of protection from magic (right hand)
 s - an amulet of regeneration (around neck)
Wands
 d - a wand of enslavement (1)
 t - a wand of flame (6)
 u - a wand of iceblast (8)
Scrolls
 i - 7 scrolls of remove curse {!r}
 j - 2 scrolls of amnesia {!r}
 m - a scroll of brand weapon {!r}
 o - 3 scrolls of magic mapping {!r}
 p - 2 scrolls of enchant weapon {!r}
 q - 2 scrolls of teleportation {!r}
 r - a scroll of noise {!r}
 v - 2 scrolls of blinking {!r}
 x - a scroll of enchant armour {!r}


   Skills:
 - Level 2.0 Fighting
 - Level 8.0 Short Blades
 - Level 2.2 Armour
 - Level 2.2 Dodging
 - Level 2.0 Stealth
 - Level 2.2 Shields
 + Level 8.4 Evocations


You had 9 spell levels left.
You didn't know any spells.
Your spell library was empty.

Dungeon Overview and Level Annotations

Branches:
Dungeon (8/15)             Temple (1/1) D:7
   Lair: D:8-11

Altars:
Ashenzari
Cheibriados
Dithmenos
Fedhas
Gozag
Hepliaklqana
Kikubaaqudgha
Makhleb
Nemelex Xobeh
Okawaru
Qazlal
Sif Muna
Trog
Uskayaw
Vehumet
Wu Jian
Xom
Zin
The Shining One

Shops:
D:6 (   D:7 %*   D:8 *=

Annotations:
D:7 exclusion: door
D:8 Erica


Innate Abilities, Weirdness & Mutations

You do not eat or drink.
Your flesh is vulnerable to fire.
You are immune to poison.
Your flesh is cold resistant. (rC+)
You are immune to negative energy. (rN+++)
You are immune to unholy pain and torment.
You can survive without breathing.


Message History

Erica gestures wildly while chanting.
Erica flickers and vanishes!
Deactivating autopickup; reactivate with Ctrl-A.
Evoke which item? (* to show all) (? for menu, Esc to quit)
Aiming: Disintegrate
Press: ? - help, Shift-Dir - straight line, f - you That would be overly suicidal.
Okay, then.
Evoke which item? (* to show all) (? for menu, Esc to quit)
Aiming: Disintegrate
Press: ? - help, Shift-Dir - straight line Nothing appears to happen.
Something hits you. Something burns you.
Evoke which item? (* to show all) (? for menu, Esc to quit)
Aiming: Disintegrate
Press: ? - help, Shift-Dir - straight line Nothing appears to happen.
Something barely misses you.
Evoke which item? (* to show all) (? for menu, Esc to quit)
Aiming: Disintegrate
Press: ? - help, Shift-Dir - straight line Nothing appears to happen.
Something hits you. Something burns you.
Evoke which item? (* to show all) (? for menu, Esc to quit)
Aiming: Disintegrate
Press: ? - help, Shift-Dir - straight line Nothing appears to happen.
The now-empty wand crumbles to dust.
Something hits you. Something burns you.
No previous command to re-do.
Evoke which item? (* to show all) (? for menu, Esc to quit)
Aiming: Throw Flame
Press: ? - help, Shift-Dir - straight line The puff of flame hits something.
Evoke which item? (* to show all) (? for menu, Esc to quit)
Aiming: Throw Flame
Press: ? - help, Shift-Dir - straight line The puff of flame hits something.
You hear some strange, mumbled words.
An orb of energy appears from out of thin air!
The orb of energy hits you!
* * * LOW HITPOINT WARNING * * *
The orb of energy explodes!
Okay, then.
You can't drink.
Unknown command. [a] - 0 gold - resistance, might, haste, agility and flight [b] - 0 gold - heal wounds [c] - 0 gold - might, agility and brilliance Purchase which effect?
You feel much better. Something hits you!
* * * LOW HITPOINT WARNING * * *
Something burns you.
* * * LOW HITPOINT WARNING * * *
Evoke which item? (* to show all) (? for menu, Esc to quit)
That's the wrong kind of item! (Use * to select it.) Evoke which item? (* to show all) (? for menu, Esc to quit)
You don't have any such object.
Evoke which item? (* to show all) (? for menu, Esc to quit)
Okay, then.
Evoke which item? (* to show all) (? for menu, Esc to quit)
Aiming: Iceblast
Press: ? - help, Shift-Dir - straight line That beam is likely to hit you.
Continue anyway?
The mass of ice explodes!
The iceblast engulfs something.
The iceblast engulfs you! You partially resist.
You die...
Your body crumbles into a pile of gold.

.#
#..#
.#
##.#
.#
#.#
.#
#.#
.#
#.#
##
#.#
#.#
#.#
#@#
#{#
####
#.#
...#
#.#
##.#
#.#
#.#
#.#
#.#


There were no monsters in sight!

Vanquished Creatures
  Pikel (D:8)
  A hippogriff (D:7)
  A hungry ghost (D:8)
  Eustachio (D:4)
  Duvessa (D:4)
  A sky beast (D:6)
  An ice beast (D:7)
  An orc warrior (D:7)
  A black bear (D:7)
  4 slaves (D:8)
  2 ogres
  6 bullfrogs
  Dowan (D:4)
  2 scorpions
  3 wights
  8 killer bees (D:8)
  2 howler monkeys
  6 electric eels
  A crimson imp (D:6)
  A centaur skeleton (D:4)
  3 jellies
  3 bullfrog skeletons
  6 orc priests
  5 orc wizards
  4 worker ants
  2 hound skeletons (D:5)
  4 hound zombies
  2 worker ant zombies
  A howler monkey skeleton (D:5)
  7 adders
  A shadow imp (D:4)
  12 oozes
  2 adder skeletons
  2 adder zombies (D:7)
  3 worms
  A dart slug (D:4)
  6 leopard geckos
  15 orcs
  6 ball pythons
  7 bats
  3 giant cockroaches
  8 goblins
  14 hobgoblins
  9 jackals
  14 kobolds
  3 quokkas
  3 frilled lizards
  3 jackal skeletons
  2 jackal zombies
  12 rats
208 creatures vanquished.

Vanquished Creatures (collateral kills)
  4 killer bees (D:8)
  A wight (D:8)
  An orc priest (D:5)
  4 orcs
10 creatures vanquished.

Vanquished Creatures (others)
  A queen bee (D:8)
  4 killer bees (D:8)
  An adder (D:8)
  5 fungi (D:3)
  9 toadstools (D:3)
20 creatures vanquished.

Grand Total: 238 creatures vanquished

Notes
Turn   | Place    | Note
-------+----------+-------------------------------------------
     0 | D:1      | Amnesiac the Mummy Artificer began the quest for the Orb.
     0 | D:1      | Reached XP level 1. HP: 15/15 MP: 2/2
     1 | D:1      | Upgraded the game from 0.22-a0-469-gf26638a to 0.22-a0-480-g991dd4b
   352 | D:2      | Reached skill level 1 in Stealth
   391 | D:2      | Reached skill level 1 in Short Blades
   683 | D:2      | Reached XP level 2. HP: 21/21 MP: 3/3
  1248 | D:3      | Reached XP level 3. HP: 26/26 MP: 3/5
  1256 | D:3      | Found a radiant altar of Vehumet.
  1505 | D:4      | Reached XP level 4. HP: 28/33 MP: 6/6
  1624 | D:4      | Reached XP level 5. HP: 17/38 MP: 7/7
  1827 | D:5      | Entered Level 5 of the Dungeon
  2072 | D:4      | Reached XP level 6. HP: 28/44 MP: 9/9
  2523 | D:4      | Reached skill level 5 in Evocations
  2962 | D:4      | Noticed Eustachio
  2962 | D:4      | Noticed Dowan
  2968 | D:4      | Noticed Duvessa
  3004 | D:4      | Killed Duvessa
  3004 | D:4      | Reached XP level 7. HP: 34/50 MP: 10/10
  3007 | D:4      | Killed Eustachio
  3014 | D:4      | Killed Dowan
  3213 | D:5      | Found a transporter.
  3266 | D:5      | Reached skill level 5 in Short Blades
  3897 | D:5      | Found a transporter.
  4020 | D:6      | Reached XP level 8. HP: 50/56 MP: 11/11
  4050 | D:6      | Found a hide-covered altar of Uskayaw.
  4619 | D:6      | Found Elamaet's Antique Weapon Emporium.
  4943 | D:7      | Found a burning altar of Makhleb.
  4945 | D:7      | Found Sopp's Blasphemy Boutique.
  4945 | D:7      | Noticed a hippogriff
  5002 | D:7      | Found a hazy altar of Hepliaklqana.
  5200 | D:7      | Found Jejudono's Food Emporium.
  5377 | D:7      | Killed a hippogriff
  5671 | D:7      | Reached skill level 1 in Shields
  6083 | D:7      | Found a staircase to the Ecumenical Temple.
  6088 | Temple   | Entered the Ecumenical Temple
  6264 | Temple   | Became a worshipper of Gozag Ym Sagoz the Greedy
  6449 | D:7      | Reached XP level 9. HP: 54/61 MP: 12/12
  6883 | D:7      | Reached skill level 1 in Armour
  7992 | D:2      | You fall through a shaft for 2 floors!
  8942 | D:8      | Noticed a queen bee
  8994 | D:8      | HP: 3/61 [killer bee (10)]
  9499 | D:8      | Got a crystal war axe
  9502 | D:8      | Identified the +9 war axe of Traps {flame, Dex+2} (You found it on level 8 of the Dungeon)
  9614 | D:8      | Noticed Pikel
  9630 | D:8      | Killed Pikel
  9630 | D:8      | Reached XP level 10. HP: 41/67 MP: 14/16
  9710 | D:8      | Found Xioba's General Store.
  9713 | D:8      | Bought a scroll of enchant armour for 90 gold pieces
  9713 | D:8      | Bought a scroll of blinking for 90 gold pieces
  9713 | D:8      | Bought a wand of paralysis (5) for 84 gold pieces
  9789 | D:8      | Found Fehadden's Jewellery Shoppe.
  9900 | D:8      | Noticed Erica
  9916 | D:8      | Killed themself with a badly aimed iceblast

Vault maps used:
D:1:      wheals_arrival_linesprint, minmay_pentomino_o4
D:2:      kennysheep_big_flooded_room, first_ration
D:3:      cheibrodos_fertilizer, vehumet_crystals, serial_undead,
          serial_undead_f, serial_undead_c, serial_undead_d, serial_undead_e,
          serial_undead_c, serial_undead_d
D:4:      cheibrodos_greedy_goblins, uniq_eustachio, uniq_duvessa
D:5:      gammafunk_steamed_eel
D:6:      lemuel_doored_altar, serial_shops, shop
D:7:      cheibrodos_two_vegetables, old_standard_altar, temple_doors_ab,
          serial_shops, kennysheep_little_box, nicolae_evil_shop
D:8:      serial_shops, nicolae_shop_waterfront, kennysheep_mini_moat,
          david_nohive_1, uniq_erica, uniq_pikel
Temple:   eino_temple_scatter_basement

Skill      XL: |  1  2  3  4  5  6  7  8  9 |
---------------+----------------------------+-----
Stealth        | 1 2 |  2.0
Short Blades   | 1 3 5 8 |  8.0
Dodging        | 2 |  2.2
Fighting       | 2 |  2.0
Evocations     | 3 4 5 8 |  8.4
Shields        | 2 |  2.2
Armour         | 2 |  2.2

Action                   |  1- 3 |  4- 6 |  7- 9 | 10-12 || total
-------------------------+-------+-------+-------+-------++-------
Melee: Short sword       |    66 |       |       |       ||    66
       Dagger            |    52 |   252 |   858 |    26 ||  1188
Invok: Potion Petition   |       |       |       |     1 ||     1
Evoke: Wand              |     8 |    15 |    64 |    12 ||    99
  Use: Scroll            |     1 |       |     6 |     3 ||    10
 Stab: Sleeping          |     1 |       |     9 |       ||    10
       Paralysed         |       |     3 |       |       ||     3
       Distracted        |       |       |     2 |     2 ||     4
Armor: Leather armour    |    19 |       |       |       ||    19
       Chain mail        |    14 |   141 |       |       ||   155
       Robe              |       |       |   137 |     1 ||   138
Dodge: Dodged            |    60 |    41 |   304 |     6 ||   411
Block: Shield            |       |    76 |   229 |     5 ||   310

Table legend:
 A = Spawn XP
 B = Non-spawn XP
 C = Spawn XP percentage of total XP
 D = Spawn monster count
 E = Non-spawn monster count
 F = Spawn count percentage of total count
 G = Total turns spent on level
                    A         B        C        D         E        F      G
               +---------+---------+-------+---------+---------+-------+---------
         Total |       0 |    5906 |   0.0 |       0 |     215 |   0.0 |  9916
               +---------+---------+-------+---------+---------+-------+---------
           D:1 |       0 |      62 |   0.0 |       0 |      32 |   0.0 |   907
           D:2 |       0 |      31 |   0.0 |       0 |      12 |   0.0 |   729
           D:3 |       0 |     278 |   0.0 |       0 |      44 |   0.0 |  1390
           D:4 |       0 |     840 |   0.0 |       0 |      32 |   0.0 |  1913
           D:5 |       0 |     587 |   0.0 |       0 |      22 |   0.0 |   815
           D:6 |       0 |     532 |   0.0 |       0 |      17 |   0.0 |  1062
           D:7 |       0 |    1391 |   0.0 |       0 |      26 |   0.0 |  1934
           D:8 |       0 |    2185 |   0.0 |       0 |      30 |   0.0 |   976
               +---------+---------+-------+---------+---------+-------+---------
